 Dungeon Crawl Stone Soup version 0.28.0-53-g5a82cb258f (webtiles) character file.

Game seed: 2943221802171338500

40 Kranky the Skirmisher (level 3, 0/27 HPs)
             Began as an Octopode Fighter on June 20, 2022.
             Slain by a hobgoblin (4 damage)
             ... on level 2 of the Dungeon.
             The game lasted 00:02:10 (1190 turns).

Kranky the Skirmisher (Octopode Fighter)            Turns: 1190, Time: 00:02:10

Health: 0/27       AC:  1    Str: 15    XL:     3   Next: 50%
Magic:  3/3        EV: 13    Int: 16    God:
Gold:   59         SH:  4    Dex: 13    Spells: 2/2 levels left

rFire   . . .      SeeInvis .   a - +0 flail
rCold   . . .      Faith    .   b - +0 buckler
rNeg    . . .      Spirit   .   (helmet restricted)
rPois   .          Reflect  .   (no amulet)
rElec   .          Harm     .   e - +6 ring of intelligence
rCorr   .          Rampage  .   (no ring)
Will    .....                   (no ring)
Stlth   +++.......              (no ring)
HPRegen 0.09/turn               (no ring)
MPRegen 0.08/turn               (no ring)
                                (no ring)
                                (no ring)

@: no status effects
A: almost no armour, amphibious, 8 rings, camouflage 1, gelatinous body 1,
(nimble swimmer 1), tentacles
a: no special abilities


You were on level 2 of the Dungeon.
You visited 1 branch of the dungeon, and saw 2 of its levels.

You collected 59 gold pieces.

Inventory:

Hand Weapons
 a - a +0 flail (weapon)
Armour
 b - a +0 buckler (worn)
Jewellery
 e - a +6 ring of intelligence (left tentacle)
 f - the amulet "Nozog" {Acrobat Str-3 Int+6}
   (You found it on level 2 of the Dungeon)

   [amulet of the acrobat]

   It increases your evasion while moving and waiting.
   Str:       It affects your strength (-3).
   Int:       It affects your intelligence (+6).
Scrolls
 d - a scroll of enchant armour {unknown}
Potions
 c - a potion of might


   Skills:
 + Level 3.7 Fighting
 - Level 2.0 Maces & Flails
 - Level 3.0 Dodging
 * Level 3.1 Stealth
 - Level 3.0 Shields


You had 2 spell levels left.
You didn't know any spells.
Your spell library contained the following spells:

 Spells                   Type           Power      Damage    Failure   Level
 Scorch                   Fire           0%         2d5       45%         2
 Flame Wave               Conj/Fire      0%         2d4       97%         4
 Summon Cactus Giant      Summ           0%         N/A       100%        6


Dungeon Overview and Level Annotations

Branches:
Dungeon (2/15)

Altars:


Innate Abilities, Weirdness & Mutations

You cannot wear most types of armour.
You are amphibious.
You can wear up to eight rings at the same time.
Your skin changes colour to match your surroundings (Stealth+).
Your rubbery body absorbs attacks. (AC +1, EV +1)
((You are camouflaged when in or above water. (Stealth+)))
You have tentacles for arms and can constrict up to eight enemies at once.


Message History

You kill the goblin!
No target in view!
No target in view!
No target in view!
No target in view!
Things that are here:
a +0 dagger; a goblin corpse No target in view!
No target in view!
f - the amulet "Nozog" {Acrobat Str-3 Int+6} No target in view!
No target in view!
A jackal is nearby!
There are monsters nearby!
The hobgoblin hits you.
The jackal barks!
You barely miss the jackal. You grab the jackal. You constrict the jackal.
The jackal closely misses you. The hobgoblin barely misses you.
You block the jackal's attack. You block the goblin's attack.
The hobgoblin hits you.
You hit the jackal but do no damage.
The jackal is moderately wounded.
You constrict the jackal. The jackal closely misses you. The jackal bites you.
The goblin closely misses you. The hobgoblin closely misses you.
You hit the jackal but do no damage. You squeeze the jackal.
You kill the jackal!
The goblin hits you with a +0 dagger. The hobgoblin hits you.
You are too injured to fight recklessly!
You are too injured to fight recklessly!
You are too injured to fight recklessly!
Unknown command.
You are too injured to fight recklessly!
You barely miss the goblin. Your grab misses the goblin.
Your tentacle-slap misses the goblin.
You block the goblin's attack. The hobgoblin hits you. The goblin misses you.
You closely miss the goblin. Your grab misses the goblin.
The hobgoblin hits you.
* * * LOW HITPOINT WARNING * * *
The goblin closely misses you. The hobgoblin hits you.
You die...

#...
##............
#....
#....########
#.... #....+
#....##....#####
#................
#....P...#######.
#....P....#
.###P..P.#
#PP@P.# ##.g†g.#
#......#
##......####
#...........
#.......##
#.#<....'
#.#.....##
#..<.....


You could see a hobgoblin and a goblin.

Vanquished Creatures
  A dart slug (D:1)
  4 ball pythons (D:1)
  3 bats (D:1)
  2 endoplasms (D:1)
  3 giant cockroaches (D:1)
  2 goblins
  4 hobgoblins (D:1)
  7 jackals
  2 kobolds (D:1)
  A frilled lizard (D:1)
  2 rats (D:1)
31 creatures vanquished.

Notes
Turn   | Place    | Note
-------+----------+-------------------------------------------
     0 | D:1      | Kranky the Octopode Fighter began the quest for the Orb.
     0 | D:1      | Reached XP level 1. HP: 16/16 MP: 1/1
   143 | D:1      | Reached skill level 1 in Stealth
   143 | D:1      | Found a faded altar of an unknown god.
   147 | D:1      | Reached XP level 2. HP: 21/21 MP: 2/2
   663 | D:1      | Reached XP level 3. HP: 26/26 MP: 3/3
  1177 | D:2      | Identified the amulet "Nozog" {Acrobat Str-3 Int+6}
  1190 | D:2      | Slain by a hobgoblin

Illustrated notes

Levels and vault maps discovered:
D:1:      scummos_arrival_simple_fountains, layout_basic,
          hellmonk_ecumenical_altar_dog_temple
D:2:      wad_lake_hut, layout_basic, serial_undead, serial_undead_e,
          serial_undead_b, serial_undead_b, serial_undead_b, chequers_arboretum,
          nicolae_wormholes

Skill      XL: |  1  2  3 |
---------------+----------+-----
Stealth        | 1 2 3 |  3.1
Fighting       | |  3.7
Maces & Flails | |  2.0
Dodging        | |  3.0
Shields        | |  3.0

Action                   || total
-------------------------++-------
Melee: Flail             ||    59
       Constrict         ||    16
       Tentacles         ||    13
       Punch             ||     1
 Stab: Sleeping          ||    11
Armor: Skin              ||     6
Dodge: Dodged            ||    51
Block: Buckler           ||    23
